 Dungeon Crawl Stone Soup version 0.23.2-33-g5129a83184 (webtiles) character file.

Game seed: 6978471164202472316

4371 Folque the Destroyer (level 9, -2/67 HPs)
             Began as a Demigod Conjurer on July 10, 2019.
             Slain by a cyan ugly thing (15 damage)
             ... on level 11 of the Dungeon.
             The game lasted 00:23:56 (7207 turns).

Folque the Destroyer (Demigod Conjurer)             Turns: 7207, Time: 00:23:57

Health: -2/67      AC:  7    Str: 13    XL:     9   Next: 89%
Magic:  1/19       EV: 11    Int: 23    God:
Gold:   330        SH:  0    Dex: 16    Spells: 1/17 levels left

rFire    . . .     SeeInvis .   r - +0 rapier
rCold    . . .     Gourm    .   (no shield)
rNeg     . . .     Faith    .   e - +0 ring mail
rPois    .         Spirit   .   (no helmet)
rElec    .         Reflect  .   (no cloak)
rCorr    .         Harm     .   g - +0 pair of gloves
MR       .....                  (no boots)
Stlth    +.........             (no amulet)
HPRegen  0.21/turn              (no ring)
MPRegen  0.16/turn              (no ring)

@: lethally poisoned (-2 -> -3), hasted, very quick
A: high mp 1
a: no special abilities


You were on level 11 of the Dungeon.
You were not hungry.

You visited 2 branches of the dungeon, and saw 11 of its levels.

You collected 330 gold pieces.

Inventory:

Hand Weapons
 o - a +0 whip of draining
 r - a +0 rapier (weapon)
Missiles
 u - a throwing net (quivered)
Armour
 a - a +0 robe
 e - a +0 ring mail (worn)
 g - a +0 pair of gloves (worn)
 j - a +0 ring mail
Jewellery
 v - an uncursed amulet of guardian spirit {unknown}
 C - a +5 ring of strength {unknown}
Wands
 F - a wand of clouds (3)
Scrolls
 h - a scroll of noise {unknown}
 i - 3 scrolls of remove curse
 l - a scroll of blinking {unknown}
 p - 5 scrolls of identify
 t - 5 scrolls of random uselessness {unknown}
 x - a scroll of teleportation
 y - a scroll of amnesia {unknown}
 A - a scroll of silence {unknown}
 B - a scroll of enchant armour {unknown}
 G - a scroll of magic mapping {unknown}
Potions
 b - 2 potions of haste
 d - a potion of flight {unknown}
 f - 5 potions of lignification {unknown}
 k - 2 potions of curing {unknown}
 m - a potion of invisibility {unknown}
 n - 2 potions of magic {unknown}
 q - a potion of degeneration {unknown}
 s - 2 potions of brilliance {unknown}
 w - a potion of ambrosia {unknown}
 z - a potion of resistance {unknown}
Miscellaneous
 D - a sack of spiders
Comestibles
 c - 12 rations


   Skills:
 + Level 2.0 Fighting
 - Level 6.2 Armour
 - Level 1.7 Dodging
 - Level 1.7 Stealth
 * Level 4.7 Spellcasting
 + Level 8.3 Conjurations
 - Level 7.2 Hexes
 - Level 2.0 Fire Magic


You had one spell level left.
You knew the following spells:

 Your Spells              Type           Power        Failure   Level  Hunger
a - Magic Dart            Conj           ####         1%          1    None
b - Searing Ray           Conj           #####.       1%          2    None
c - Dazzling Spray        Conj/Hex       #####.       2%          3    ##.....
d - Fulminant Prism       Conj/Hex       #####.....   8%          4    ####...
e - Conjure Flame         Conj/Fire      ####....     7%          3    ##.....
f - Tukima's Dance        Hex            #####...     2%          3    ##.....

Your spell library contained the following spells:

 Spells                   Type           Power        Failure   Level  Hunger
 Corona                   Hex            #####..      1%          1    None
 Freeze                   Ice            #...         19%         1    None
 Slow                     Hex            #####...     1%          2    None
 Confuse                  Hex            #####...     2%          3    ##.....
 Throw Frost              Conj/Ice       ###...       4%          2    None
 Ensorcelled Hibernation  Hex/Ice        ###...       6%          2    None
 Iskenderun's Mystic Bla  Conj           #####...     6%          4    ####...
 Mephitic Cloud           Conj/Pois/Air  ###.....     19%         3    ##.....
 Blink                    Tloc           N/A          28%         2    None
 Call Imp                 Summ           #.......     28%         2    None
 Force Lance              Conj/Tloc      ###.....     32%         4    ####...
 Throw Icicle             Conj/Ice       ###.....     32%         4    ####...
 Ozocubu's Armour         Chrm/Ice       #.......     50%         3    ##.....
 Summon Ice Beast         Ice/Summ       #.......     88%         4    ####...


Dungeon Overview and Level Annotations

Branches:
Dungeon (11/15)            Temple (1/1) D:7             Orc (0/2) D:11
   Lair: D:8-11

Shops:
D:6 =   D:11 [

Annotations:
D:11 Maurice


Innate Abilities, Weirdness & Mutations

You have an increased reservoir of magic. (+10% MP)


Message History

The orc is almost dead.
The orc hits you but does no damage.
The cyan ugly thing gurgles horribly!
You puncture the orc!
You kill the orc!
Casting: Magic Dart (safe; 1% risk of failure)
Confirm with . or Enter, or press ? or * to list all spells.
Aiming: Fulminant Prism (safe; 8% risk of failure)
Press: ? - help, Dir - move target cursor You conjure a prism of explosive energy!
You feel sick.
Your fulminant prism crackles loudly.
There is a stone staircase leading up here.
Your fulminant prism explodes!
You feel sick. The cyan ugly thing pecks you! The cyan ugly thing shocks you!
You see here a killer bee corpse.
You feel yourself speed up. The cyan ugly thing pecks you!
* * * LOW HITPOINT WARNING * * *
The cyan ugly thing shocks you!
You die...

#........#.###
#.........)#
#..........##
##.........<#
##.......†.##
#..........##
##.........†##
#######
##.........u###
##.....#
##)......##@.##
#......#
##.#......###..##
#......#
##)###.....#
##..######......#
###÷## ###..##
##.............#
#..## ####
##..............
#..##
#..###.........#
..# #..#
###.......# .#
#.## ###.....# #
### #######


You could see a cyan ugly thing.

Vanquished Creatures
  An ugly thing (D:11)
  A centaur skeleton (D:11)
  A troll (D:9)
  A hippogriff (D:8)
  A vampire (D:11)
  2 yaks (D:11)
  A wraith (D:11)
  A hungry ghost (D:7)
  Menkaure (D:7)
  Duvessa (D:6)
  An ice beast (D:9)
  3 ogres
  A phantom (D:6)
  A centaur (D:8)
  A big kobold (D:11)
  8 bullfrogs
  A scorpion (D:9)
  Dowan (D:6)
  5 killer bees (D:11)
  2 howler monkeys
  A crimson imp (D:11)
  2 bullfrog zombies
  A quasit (D:6)
  A bullfrog skeleton (D:8)
  5 hounds
  3 jellies
  3 orc priests
  3 iguanas
  An orc wizard (D:7)
  4 worker ants
  8 adders
  4 shadow imps (D:8)
  An ooze (D:4)
  4 worms
  4 dart slugs
  3 leopard geckos
  18 orcs
  A giant cockroach (D:2)
  5 goblins
  5 hobgoblins
  8 jackals
  5 quokkas
  A ball python (D:2)
  12 bats
  3 frilled lizards (D:2)
  5 kobolds
  2 quokka skeletons
  6 rats
154 creatures vanquished.

Vanquished Creatures (others)
  A hungry ghost (D:9)
  A ball python (D:3)
  16 fulminant prisms
18 creatures vanquished.

Grand Total: 172 creatures vanquished

Notes
Turn   | Place    | Note
-------+----------+-------------------------------------------
     0 | D:1      | Folque the Demigod Conjurer began the quest for the Orb.
     0 | D:1      | Reached XP level 1. HP: 14/14 MP: 5/5
   704 | D:1      | Reached XP level 2. HP: 22/22 MP: 5/7
   708 | D:1      | Learned a level 2 spell: Searing Ray
  1023 | D:1      | Reached skill level 4 in Conjurations
  1079 | D:1      | Reached skill level 1 in Fighting
  1607 | D:2      | Reached XP level 3. HP: 27/28 MP: 3/9
  1616 | D:2      | Learned a level 3 spell: Dazzling Spray
  1720 | D:2      | Noticed an ogre
  1725 | D:2      | Killed an ogre
  1725 | D:2      | Reached XP level 4. HP: 35/35 MP: 5/11
  2131 | D:2      | Reached XP level 5. HP: 40/40 MP: 9/13
  2541 | D:3      | Learned a level 4 spell: Fulminant Prism
  3038 | D:4      | Found a hide-covered altar of Uskayaw.
  3074 | D:4      | Reached skill level 1 in Hexes
  3155 | D:4      | Reached XP level 6. HP: 44/47 MP: 8/15
  3158 | D:4      | Reached skill level 5 in Conjurations
  3160 | D:4      | You fall through a shaft for 3 floors!
  3553 | D:6      | Learned a level 3 spell: Conjure Flame
  3586 | D:6      | Reached XP level 7. HP: 52/52 MP: 1/16
  3690 | D:6      | Noticed Dowan
  3691 | D:6      | Noticed Duvessa
  3695 | D:6      | Killed Dowan
  3695 | D:6      | Reached skill level 1 in Fire Magic
  3706 | D:6      | Killed Duvessa
  3711 | D:6      | Found Urowk's Jewellery Shoppe.
  4015 | D:6      | Reached skill level 1 in Armour
  4015 | D:6      | Reached skill level 6 in Conjurations
  4260 | D:6      | Found a bloodstained altar of Trog.
  4487 | D:7      | Reached skill level 5 in Hexes
  4487 | D:7      | Reached XP level 8. HP: 43/59 MP: 9/17
  4709 | D:7      | Noticed Menkaure
  4714 | D:7      | Killed Menkaure
  4860 | D:7      | Found a staircase to the Ecumenical Temple.
  4875 | Temple   | Entered the Ecumenical Temple
  5076 | D:8      | Noticed a hippogriff
  5087 | D:8      | Killed a hippogriff
  5864 | D:9      | Found a radiant altar of Vehumet.
  6198 | D:9      | Noticed a troll
  6206 | D:9      | Killed a troll
  6206 | D:9      | Reached skill level 7 in Conjurations
  6206 | D:9      | Reached XP level 9. HP: 64/64 MP: 5/18
  6301 | D:9      | Found a shattered altar of Ashenzari.
  6349 | D:9      | Found a glowing golden altar of the Shining One.
  6398 | D:9      | Reached skill level 5 in Armour
  6410 | D:9      | You fall through a shaft for 2 floors!
  6550 | D:11     | Found Cocs's Armour Emporium.
  6567 | D:11     | Noticed a white ugly thing
  6573 | D:11     | Killed a white ugly thing
  6716 | D:11     | Noticed Maurice
  6900 | D:11     | Reached skill level 8 in Conjurations
  6911 | D:11     | Learned a level 3 spell: Tukima's Dance
  6918 | D:10     | Entered Level 10 of the Dungeon
  6949 | D:11     | Found a staircase to the Orcish Mines.
  7196 | D:11     | Noticed a cyan ugly thing
  7207 | D:11     | Slain by a cyan ugly thing

Skill      XL: |  1  2  3  4  5  6  7  8  9 |
---------------+----------------------------+-----
Spellcasting   | 2 3 4 |  4.7
Conjurations   | 4 5 6 7 8 |  8.3
Fighting       | 1 2 |  2.0
Hexes          | 1 3 5 6 7 |  7.2
Fire Magic     | 2 |  2.0
Armour         | 2 4 6 |  6.2
Dodging        | |  1.7
Stealth        | |  1.7

Action                   |  1- 3 |  4- 6 |  7- 9 || total
-------------------------+-------+-------+-------++-------
Melee: Unarmed           |    26 |       |       ||    26
       Whip              |    31 |    17 |       ||    48
       Dagger            |    20 |       |       ||    20
       Rapier            |       |    54 |    50 ||   104
Throw: Throwing net      |       |       |     3 ||     3
 Cast: Magic Dart        |    26 |    12 |    26 ||    64
       Searing Ray       |     4 |    21 |    40 ||    65
       Dazzling Spray    |       |    10 |    19 ||    29
       Fulminant Prism   |       |       |    16 ||    16
       Conjure Flame     |       |       |     7 ||     7
  Use: Scroll            |     4 |       |     2 ||     6
       Potion            |       |     3 |     2 ||     5
 Stab: Sleeping          |     5 |     2 |     2 ||     9
       Invisible         |       |     1 |     1 ||     2
  Eat: Chunk             |     3 |     7 |    15 ||    25
       Ration            |       |       |     1 ||     1
Armor: Robe              |    38 |    20 |    17 ||    75
       Ring mail         |       |       |    17 ||    17
Dodge: Dodged            |    79 |    78 |   118 ||   275
